 Dungeon Crawl Stone Soup version 0.18-a0-596-g6468885 (webtiles) character file.

37 Timinator the Insei (level 3, -1/28 HPs)
             Began as a Demigod Transmuter on Dec 3, 2015.
             Slain by a hobgoblin (4 damage)
             ... on level 2 of the Dungeon.
             The game lasted 00:22:44 (1110 turns).

Timinator the Insei (Demigod Transmuter)            Turns: 1110, Time: 00:22:44

Health: -1/28      AC:  3    Str: 15    XL:     3   Next: 8%
Magic:  7/8        EV: 12    Int: 17    God:
Gold:   95         SH:  0    Dex: 16    Spells: 1 memorised, 5 levels left

rFire  . . .     SeeInvis .       - Unarmed
rCold  . . .     Clarity  .     b - +0 robe
rNeg   . . .     SustAt   +     (no shield)
rPois  .         Gourm    .     (no helmet)
rElec  .         Spirit   .     (no cloak)
rCorr  .         Dismiss  .     o - +0 pair of gloves
rMut   .         Stasis   .     (boots currently unavailable)
MR     .....                    (no amulet)
Stlth  +.........               (no ring)
                                (no ring)

@: appendage, not resistant to hostile enchantments, very unstealthy
A: talons 3, high mp 1, sustain attributes
a: End Transformation


You were on level 2 of the Dungeon.
You were not hungry.
You had grown temporary talons.
You visited 1 branch of the dungeon, and saw 2 of its levels.

You collected 95 gold pieces.

Inventory:

Missiles
 a - 12 arrows
 m - a throwing net (quivered)
Armour
 b - a +0 robe (worn)
 e - a +0 naga barding
 o - a +0 pair of gloves (worn)
Scrolls
 g - a scroll of teleportation {unknown}
 h - a scroll of fear {unknown}
 j - a scroll of recharging {unknown}
 k - a scroll of enchant armour {unknown}
 l - a scroll of random uselessness {unknown}
 n - 2 scrolls of identify {unknown}
Potions
 i - a potion of haste {unknown}
 r - a potion of lignification {unknown}
Books
 c - a book of Changes

   Spells                             Type                      Level
   a - Beastly Appendage              Transmutation                1
   b - Sticks to Snakes               Transmutation                2
   c - Spider Form                    Transmutation/Poison         3
   d - Ice Form                       Ice/Transmutation            4
   e - Blade Hands                    Transmutation                5
Comestibles
 d - a bread ration
 f - 2 fruits
 p - 2 chunks of flesh
 q - a meat ration


   Skills:
 - Level 1.0 Fighting
 * Level 1.9 Dodging
 + Level 3.1 Unarmed Combat
 - Level 2.0 Spellcasting
 * Level 2.5 Transmutations


You had 5 spell levels left.
You knew the following spells:

 Your Spells              Type           Power        Failure   Level  Hunger
a - Beastly Appendage     Trmt           ##....       10%         1    #......


Dungeon Overview and Level Annotations

Branches:
Dungeon (2/15)


Innate Abilities, Weirdness & Mutations

You have an increased reservoir of magic (+10% MP).
Your attributes are resistant to harm.
You have claws for feet.


Message History

The bat completely misses you.
The hobgoblin hits you but does no damage.
You hit the hobgoblin but do no damage.
The hobgoblin is heavily wounded.
The bat barely misses you. The bat closely misses you. The hobgoblin hits you.
* * * LOW HITPOINT WARNING * * *
You hit the hobgoblin but do no damage.
You claw the hobgoblin, but do no damage.
The hobgoblin is heavily wounded.
The bat hits you.
* * * LOW HITPOINT WARNING * * *
You closely miss the hobgoblin.
The hobgoblin is heavily wounded.
The bat barely misses you. The hobgoblin hits you.
* * * LOW HITPOINT WARNING * * *
The bat closely misses you.
You hit the hobgoblin but do no damage. You claw the hobgoblin.
The hobgoblin is almost dead.
The bat closely misses you. The bat barely misses you. The hobgoblin hits you.
You die...

...............#### # .
................... .#..
...............### #...#
...............####....#
....................#..#
..$......()#......###..#
.......b.#....#.#..##..#
##....bg)....#.##..#(.#
#####@.##.).#.###.....
#..###g..)..##.#.$
.....###(..........
...###.# #.....#.....
#...# ##.###...........
#... #......#...##....
#.. ##...###......#.. ##
#..........###..
#...#...##<......#


You could see a hobgoblin and 2 bats.

Vanquished Creatures
  An adder (D:2)
  3 giant cockroaches
  4 goblins (D:1)
  5 hobgoblins
  2 bats (D:1)
  A giant newt (D:1)
  4 kobolds
  7 rats
27 creatures vanquished.

Notes
Turn   | Place    | Note
--------------------------------------------------------------
     0 | D:1      | Timinator the Demigod Transmuter began the quest for the Orb.
     0 | D:1      | Reached XP level 1. HP: 15/15 MP: 5/5
   207 | D:1      | Reached skill level 3 in Unarmed Combat
   325 | D:1      | Reached XP level 2. HP: 11/22 MP: 2/7
   331 | D:1      | HP: 1/22 [kobold/short sword (7)]
   645 | D:1      | Reached skill level 1 in Fighting
   939 | D:2      | Reached XP level 3. HP: 8/28 MP: 6/8
  1110 | D:2      | Slain by a hobgoblin

Vault maps used:
D:1:      onia_arrival_pentagram, hangedman_decor_points

Action                   || total
-------------------------++-------
Melee: Unarmed           ||   106
Throw: Tomahawk          ||    11
       Throwing net      ||     2
 Cast: Beastly Appendage ||    24
  Use: Potion            ||     2
 Stab: Sleeping          ||     1
  Eat: Chunk             ||     1
